 Dungeon Crawl Stone Soup version 0.18.1-48-g4cf74bf (webtiles) character file.

230 Gartch3 the Poker (level 6, -6/43 HPs)
             Began as a Merfolk Ice Elementalist on July 28, 2016.
             Mangled by an ogre
             ... wielding a +0 giant club
              (32 damage)
             ... on level 4 of the Dungeon.
             The game lasted 00:46:23 (5783 turns).

Gartch3 the Poker (Merfolk Ice Elementalist)        Turns: 5783, Time: 00:46:24

Health: -6/43      AC:  2    Str:  8    XL:     6   Next: 3%
Magic:  5/9        EV: 14    Int: 14    God:
Gold:   132        SH:  0    Dex: 17    Spells: 2 memorised, 5 levels left

rFire  . . .     SeeInvis .     a - +0 spear
rCold  . . .     Gourm    .     m - +0 robe
rNeg   . . .     Faith    .     (no shield)
rPois  .         Spirit   .     (no helmet)
rElec  .         Dismiss  .     (no cloak)
rCorr  .         Reflect  .     (no gloves)
SustAt .         Harm     .     (no boots)
MR     .....                    (no amulet)
Stlth  ++........               (no ring)
                                (no ring)

@: not resistant to hostile enchantments, unstealthy
A: change form in water, swift swim
a: no special abilities


You were on level 4 of the Dungeon.
You were not hungry.

You visited 1 branch of the dungeon, and saw 4 of its levels.

You collected 132 gold pieces.

Inventory:

Hand Weapons
 a - a +0 spear (weapon)
 b - a +0 blowgun
 d - a +0 dagger
 o - a +1 dagger of protection
 w - a +0 hunting sling
Missiles
 f - 101 arrows
 B - 4 exploding tomahawks (quivered)
 D - 14 poisoned needles
Armour
 m - a +0 robe (worn)
 p - a +0 pair of gloves
 s - a +0 leather armour
 t - a +0 pair of gloves
Jewellery
 l - an uncursed ring of see invisible {unknown}
 z - an uncursed amulet of harm {unknown}
Scrolls
 e - 2 scrolls of remove curse {unknown}
 g - 3 scrolls of recharging {unknown}
 i - a scroll of teleportation {unknown}
 n - 2 scrolls of identify
 u - a scroll of fear {unknown}
 v - a scroll of magic mapping {unknown}
 x - 3 scrolls of enchant armour {unknown}
 y - a scroll of enchant weapon {unknown}
 G - 2 scrolls of immolation {unknown}
Potions
 h - 2 potions of heal wounds {unknown}
 j - 3 potions of curing
 k - a potion of resistance {unknown}
 q - 2 potions of degeneration
 r - a potion of cancellation {unknown}
 F - a potion of brilliance {unknown}
Books
 C - a book of Frost

   Spells                             Type                      Level
   a - Freeze                         Ice                          1
   b - Throw Frost                    Conjuration/Ice              2
   c - Ozocubu's Armour               Charms/Ice                   3
   d - Throw Icicle                   Conjuration/Ice              4
   e - Summon Ice Beast               Ice/Summoning                4
 H - a book of Death

   Spells                             Type                      Level
   a - Corpse Rot                     Necromancy                   2
   b - Sublimation of Blood           Necromancy                   2
   c - Agony                          Necromancy                   5
   d - Dispel Undead                  Necromancy                   5
   e - Excruciating Wounds            Charms/Necromancy            5
   f - Bolt of Draining               Conjuration/Necromancy       5
Comestibles
 c - 2 bread rations
 A - 3 fruits


   Skills:
 - Level 1.0 Fighting
 * Level 4.9 Polearms
 + Level 4.2 Dodging
 - Level 2.1 Stealth
 - Level 2.1 Spellcasting
   Level 0.7 Conjurations
 + Level 1.8 Charms
 + Level 4.3 Ice Magic


You had 5 spell levels left.
You knew the following spells:

 Your Spells              Type           Power        Failure   Level  Hunger
a - Freeze                Ice            ##..         4%          1    ##.....
b - Ozocubu's Armour      Chrm/Ice       ##......     21%         3    ####...


Dungeon Overview and Level Annotations

Branches:
Dungeon (4/15)
 Temple: D:4-7

Altars:
Dithmenos
Gozag
Nemelex Xobeh

Annotations:
D:3 vishdafish's ghost, weakling DsGl
D:4 1 runed door


Message History

The ogre is almost dead.
The ogre barely misses you.
Casting: Freeze
Confirm with . or Enter, or press ? or * to list all spells.
Aiming: Freeze
Press: ? - help, Shift-Dir - straight line, f/p - ogre
Aim: an ogre, wielding a giant club (almost dead)
You freeze the ogre.
The ogre is almost dead.
The ogre hits you with a giant club!
Casting: Freeze
Confirm with . or Enter, or press ? or * to list all spells.
Aiming: Freeze
Press: ? - help, Shift-Dir - straight line, f/p - ogre
Aim: an ogre, wielding a giant club (almost dead)
You freeze the ogre.
The ogre is almost dead.
The ogre hits you with a giant club!!
Ouch! That really hurt!
You die...

#......O.# ####.#
#....# ####.....###
#.# ####.# #.......#
#.# #.# #.....#.# #.#
#.# #.<...#.#
#>###### #.#
##.####.# #......#
#.# #. #.# ######.#
#.# #. #O# #.# #.#
#@# #.# #.# #.# #.#
#.# #.## ##.###.#
#.#.#######......##
#..###...............
##..#.###############
. #.................
.# ##################
.#


You could see an ogre.

Vanquished Creatures
  Jessica (D:2)
  An orc wizard (D:3)
  4 gnolls (D:3)
  4 adders
  An ooze (D:2)
  2 worms (D:2)
  3 dart slugs
  4 giant geckos
  7 orcs (D:4)
  A giant cockroach (D:1)
  7 goblins
  13 hobgoblins
  7 jackals
  6 bats
  4 giant newts
  A goblin zombie (D:4)
  6 kobolds
  A kobold zombie (D:4)
  7 rats
80 creatures vanquished.

Notes
Turn   | Place    | Note
--------------------------------------------------------------
     0 | D:1      | Gartch3 the Merfolk Ice Elementalist began the quest for the Orb.
     0 | D:1      | Reached XP level 1. HP: 13/13 MP: 3/3
   172 | D:1      | Reached XP level 2. HP: 11/19 MP: 0/5
  1089 | D:1      | Reached XP level 3. HP: 25/25 MP: 6/6
  1106 | D:1      | Reached skill level 1 in Fighting
  1194 | D:1      | Reached skill level 1 in Polearms
  1472 | D:2      | Learned a level 3 spell: Ozocubu's Armour
  1482 | D:2      | Found a sparkling altar of Nemelex Xobeh.
  1484 | D:2      | Found an opulent altar of Gozag.
  1702 | D:2      | Noticed Jessica
  1884 | D:2      | Found a shadowy altar of Dithmenos.
  1954 | D:2      | Killed Jessica
  1954 | D:2      | Reached XP level 4. HP: 28/32 MP: 1/7
  2059 | D:2      | Reached skill level 1 in Charms
  2852 | D:2      | Reached XP level 5. HP: 37/37 MP: 5/8
  3849 | D:3      | Noticed vishdafish's ghost (weakling DsGl)
  5073 | D:4      | Found a runed door.
  5073 | D:4      | Noticed a human
  5457 | D:4      | Reached XP level 6. HP: 43/43 MP: 9/9
  5783 | D:4      | Mangled by an ogre

Skill      XL: |  1  2  3  4  5 |
---------------+----------------+-----
Dodging        | 3 4 |  4.2
Ice Magic      | 4 |  4.3
Fighting       | 1 |  1.0
Polearms       | 2 3 4 |  4.9
Charms         | 1 |  1.8
Stealth        | |  2.1
Spellcasting   | |  2.1
Conjurations   | |  0.7

Action                   |  1- 3 |  4- 6 || total
-------------------------+-------+-------++-------
Melee: Dagger            |     9 |       ||     9
       Spear             |    64 |   114 ||   178
 Fire: Blowgun           |       |    27 ||    27
Throw: Stone             |    36 |    43 ||    79
       Tomahawk          |       |     3 ||     3
 Cast: Freeze            |    36 |    52 ||    88
  Use: Scroll            |       |     2 ||     2
 Stab: Sleeping          |     2 |     3 ||     5
  Eat: Chunk             |     4 |    13 ||    17
Armor: Robe              |    10 |    20 ||    30
Dodge: Dodged            |    57 |    64 ||   121
